 Dungeon Crawl Stone Soup version 0.19-a0-1740-g0bcaf2e (webtiles) character file.

8764 hairmachine the Basher (level 11, -1/120 HPs)
             Began as an Ogre Hunter on Oct 1, 2016.
             Was a Priest of Makhleb.
             Slain by a hill giant
             ... wielding a +0 giant club
              (15 damage)
             ... on level 11 of the Dungeon.
             The game lasted 00:30:09 (11672 turns).

hairmachine the Basher (Ogre Hunter)               Turns: 11672, Time: 00:30:10

Health: -1/120     AC: 10    Str: 19    XL:     11   Next: 36%
Magic:  15/15      EV: 18    Int: 10    God:    Makhleb [***...]
Gold:   457        SH:  0    Dex: 15    Spells: 0 memorised, 10 levels left

rFire  . . .     SeeInvis .     z - +1 giant spiked club
rCold  . . .     Gourm    .     b - +0 robe
rNeg   . . .     Faith    .     (shield currently unavailable)
rPois  .         Spirit   .     (helmet restricted)
rElec  .         Dismiss  .     h - +1 cloak
rCorr  .         Reflect  .     (gloves unavailable)
MR     +....     Harm     .     (boots unavailable)
Stlth  ++........               E - amulet of regeneration
                                u - +3 ring of evasion
                                g - +3 ring of protection

@: exhausted, slowed, very slow
A: unfitting armour, thin metallic scales 1, agile 1, tough skin 1
a: Minor Destruction, Lesser Servant of Makhleb, Renounce Religion


You were on level 11 of the Dungeon.
You worshipped Makhleb.
Makhleb was most pleased with you.
You were hungry.

You visited 2 branches of the dungeon, and saw 12 of its levels.

You collected 457 gold pieces.

Inventory:

Hand Weapons
 z - a +1 giant spiked club (weapon)
Missiles
 d - 7 throwing nets (quivered)
 s - 4 poisoned javelins
Armour
 b - a +0 robe (worn)
 h - a +1 cloak (worn)
Jewellery
 g - a +3 ring of protection (left hand)
 j - an uncursed ring of poison resistance
 u - a +3 ring of evasion (right hand)
 E - an amulet of regeneration (around neck)
 L - an uncursed ring of protection from fire {unknown}
Wands
 l - a wand of flame (21/48)
 q - a wand of flame (24/48)
 x - a wand of iceblast (5/15)
 C - a wand of disintegration (7/24)
 G - a wand of polymorph (8/24)
 N - a wand of slowing (22/48)
Scrolls
 a - a scroll of blinking {unknown}
 e - 2 scrolls of teleportation {unknown}
 i - 3 scrolls of fog
 m - a scroll of immolation {unknown}
 n - a scroll of enchant armour
 r - 2 scrolls of remove curse
 y - a scroll of recharging {unknown}
 B - a scroll of fear {unknown}
 H - a scroll of random uselessness {unknown}
 I - a scroll of identify
 K - a scroll of magic mapping
Potions
 o - 3 potions of brilliance
 t - a potion of flight
 D - a potion of agility
 J - a potion of might
Comestibles
 f - 5 bread rations
 k - 4 meat rations
 p - 7 beef jerkies
 w - 17 chunks of flesh
 A - 3 slices of pizza


   Skills:
 + Level 11.1 Fighting
 + Level 13.6 Maces & Flails
 - Level 4.1 Throwing
 + Level 8.1 Dodging
 - Level 0.7 Stealth
 + Level 6.6 Invocations


You had 10 spell levels left.
You didn't know any spells.

Dungeon Overview and Level Annotations

Branches:
Dungeon (11/15)            Temple (1/1) D:5
   Lair: D:8-11         Orc: D:9-12

Altars:
Fedhas
Gozag
Makhleb
Trog
Uskayaw
Vehumet

Shops:
D:6 :


Innate Abilities, Weirdness & Mutations

You are too large for most types of armour.
You have tough skin. (AC +1)
You are partially covered in thin metallic scales. (AC +2)
You are agile. (Dex +2)


Message History

The hill giant hits you with a giant club.
You barely miss the hill giant.
You are no longer berserk.
You are exhausted.
You feel yourself slow down.
You are feeling hungry.
The hill giant hits you with a giant club!!
You barely miss the hill giant.
The hill giant hits you with a giant club!
You bludgeon the hill giant!!
The hill giant is moderately wounded.
The hill giant hits you with a giant club!! x2
You sock the hill giant!
The hill giant is heavily wounded.
The hill giant hits you with a giant club!!
* * * LOW HITPOINT WARNING * * *
It was a potion of cure mutation.
It has a very clean taste.
You feel conductive.
You feel clever.
The hill giant hits you with a giant club!
You die...

#.. ..... #.# #......
#.# ##...... #.#
#....(.. #.# ##.......
#.# ##........ ###.##
##.........
###C@).####..........
....(.......#...........
..(...####....#######...
....## ##.### #### ...
#.## .. #.. . #..# ....
....#


You could see a hill giant.

Vanquished Creatures
  The ghost of Jano the Martial Artist, a novice DsMo of Nemelex Xobeh (D:10)
  A hill giant (D:10)
  A two-headed ogre (D:11)
  A hippogriff (D:7)
  Sigmund (D:2)
  3 wyverns
  11 yaks
  The ghost of Rationalist the Chopper, an amateur MiGl (D:4)
  Grum (D:8)
  The ghost of Amnesiac the Cudgeler, an amateur OgCK of Xom (D:5)
  A wasp (D:8)
  3 orc warriors
  A sky beast (D:9)
  3 wolves (D:8)
  2 ice beasts (D:5)
  3 phantoms
  4 ogres
  2 centaurs
  8 bullfrogs
  A wyvern zombie (D:9)
  A wyvern skeleton (D:9)
  2 scorpions
  6 killer bees (D:9)
  5 wights (D:8)
  6 crimson imps
  A bullfrog zombie (D:5)
  7 orc priests
  2 centaur skeletons
  A jelly (D:10)
  Crazy Yiuf (D:3)
  7 hounds
  15 orc wizards
  2 iguanas
  Terence (D:2)
  Natasha (twice) (D:2)
  10 worker ants
  A hound skeleton (D:4)
  Robin (D:2)
  A howler monkey skeleton (D:4)
  10 gnolls
  8 adders
  A shadow imp (D:10)
  3 worms
  2 dart slugs
  11 leopard geckos
  51 orcs
  8 giant cockroaches
  13 goblins
  11 hobgoblins
  23 jackals
  3 quokkas
  A ball python (D:2)
  5 bats
  5 frilled lizards
  11 kobolds
  4 rats
292 creatures vanquished.

Notes
Turn   | Place    | Note
-------+----------+-------------------------------------------
     0 | D:1      | hairmachine the Ogre Hunter began the quest for the Orb.
     0 | D:1      | Reached XP level 1. HP: 22/22 MP: 1/1
   167 | D:1      | Reached XP level 2. HP: 29/31 MP: 2/2
   207 | D:1      | Reached skill level 1 in Maces & Flails
   314 | D:1      | Reached skill level 2 in Maces & Flails
   618 | D:1      | Reached XP level 3. HP: 24/37 MP: 3/3
   833 | D:2      | Noticed Sigmund
   836 | D:2      | Killed Sigmund
   836 | D:2      | Reached skill level 6 in Maces & Flails
   836 | D:2      | Reached XP level 4. HP: 37/45 MP: 4/4
   836 | D:2      | Reached XP level 5. HP: 44/53 MP: 5/5
   976 | D:2      | Noticed Robin
  1090 | D:2      | Noticed Terence
  1091 | D:2      | Killed Terence
  1161 | D:2      | Reached skill level 7 in Maces & Flails
  1161 | D:2      | Reached XP level 6. HP: 42/61 MP: 6/6
  1641 | D:2      | Killed Robin
  1803 | D:2      | Noticed Natasha
  1849 | D:2      | Killed Natasha
  2427 | D:2      | Noticed Natasha
  2443 | D:2      | Killed Natasha
  2625 | D:2      | Reached skill level 8 in Maces & Flails
  3045 | D:3      | Gained mutation: You are agile. (Dex +2) [potion of mutation]
  3045 | D:3      | Gained mutation: You are dopey. (Int -2) [potion of mutation]
  3045 | D:3      | Gained mutation: You are resistant to electric shocks. (rElec) [potion of mutation]
  3388 | D:3      | Reached XP level 7. HP: 60/67 MP: 7/7
  4202 | D:3      | Reached skill level 9 in Maces & Flails
  4356 | D:3      | Found a runed door.
  4360 | D:3      | Noticed Crazy Yiuf
  4371 | D:3      | Killed Crazy Yiuf
  5219 | D:4      | Reached XP level 8. HP: 79/79 MP: 8/8
  5284 | D:4      | Noticed Rationalist's ghost (amateur MiGl)
  5370 | D:4      | Killed Rationalist's ghost
  5370 | D:4      | Reached skill level 5 in Fighting
  5696 | D:4      | Reached skill level 10 in Maces & Flails
  6233 | D:5      | Entered Level 5 of the Dungeon
  6369 | D:5      | Noticed Amnesiac's ghost (amateur OgCK)
  6795 | D:5      | Found a staircase to the Ecumenical Temple.
  6804 | Temple   | Entered the Ecumenical Temple
  6818 | Temple   | Became a worshipper of Makhleb the Destroyer
  7112 | D:5      | Killed Amnesiac's ghost
  7112 | D:5      | Reached skill level 5 in Dodging
  7112 | D:5      | Reached XP level 9. HP: 86/93 MP: 9/9
  7152 | D:5      | Reached skill level 11 in Maces & Flails
  7742 | D:6      | Found Mim Riaf's Book Shop.
  7945 | D:6      | Gained mutation: You are partially covered in thin metallic scales. (AC +2) [potion of beneficial mutation]
  8049 | D:7      | Found a flagged portal.
  8138 | D:7      | Reached * piety under Makhleb
  8241 | D:7      | Reached skill level 1 in Invocations
  9317 | D:8      | Got an ancient ivory ring
  9367 | D:8      | Noticed Grum
  9414 | D:8      | Killed Grum
  9419 | D:8      | Reached skill level 12 in Maces & Flails
  9419 | D:8      | Reached XP level 10. HP: 76/107 MP: 12/12
  9796 | D:8      | Reached ** piety under Makhleb
  9829 | D:8      | Identified the ring "Ukhuetax" {Fire MR+ MP+9 Str-5 Int+3} (You found it on level 8 of the Dungeon)
 10364 | D:9      | Reached skill level 5 in Invocations
 10373 | D:9      | Reached skill level 10 in Fighting
 10545 | D:10     | Entered Level 10 of the Dungeon
 10629 | D:10     | Noticed a hill giant
 10636 | D:10     | Killed a hill giant
 10636 | D:10     | Reached skill level 13 in Maces & Flails
 10736 | D:10     | Reached XP level 11. HP: 102/119 MP: 15/15
 10744 | D:10     | Noticed Jano's ghost (novice DsMo)
 10746 | D:10     | Reached *** piety under Makhleb
 10795 | D:10     | Killed Jano's ghost
 11662 | D:11     | Noticed a hill giant
 11672 | D:11     | Lost mutation: You are resistant to electric shocks. (rElec) [potion of cure mutation]
 11672 | D:11     | Lost mutation: You are dopey. (Int -2) [potion of cure mutation]
 11672 | D:11     | Slain by a hill giant

Vault maps used:
D:1:      erik_arrival_triangle_small
D:2:      fountainhead, uniq_sigmund, uniq_robin, uniq_terence, uniq_natasha
D:3:      gup_sewer_entry_pipe, first_bread, grunt_decor_arrowhead,
          uniq_crazy_yiuf_cottage
D:4:      serial_bayou_pond_e, kennysheep_path_1,
          eino_small_chamber_without_monster
D:6:      serial_shops, kennysheep_little_box, kennysheep_another_room
D:7:      enter_bailey_8, due_unseen_surprise
D:8:      uniq_grum
D:9:      serial_glass, glass_columns_c, glass_columns_a
D:11:     minmay_cornered_nines, grunt_lair_entry_orc_guard_hut, serial_shops,
          shop
Temple:   regret_index_temple_sigil_plot

Skill      XL: |  1  2  3  4  5  6  7  8  9 10 11 |
---------------+----------------------------------+-----
Fighting       | 3 4 7 9 10 11 | 11.1
Dodging        | 2 3 5 6 7 8 |  8.1
Maces & Flails | 2 6 7 8 9 10 12 13 | 13.6
Invocations    | 3 5 6 |  6.6
Throwing       | |  4.1
Stealth        | |  0.7

Action                   |  1- 3 |  4- 6 |  7- 9 | 10-12 || total
-------------------------+-------+-------+-------+-------++-------
Melee: Whip              |    53 |   254 |    98 |       ||   405
       Short sword       |     5 |       |       |       ||     5
       Flail             |       |       |    62 |       ||    62
       Giant club        |       |       |   207 |       ||   207
       Giant spiked club |       |       |    71 |   322 ||   393
Throw: Large rock        |    17 |    12 |    14 |     5 ||    48
  Use: Scroll            |     2 |     3 |     9 |     2 ||    16
       Potion            |       |     6 |     3 |     4 ||    13
 Stab: Sleeping          |       |     1 |     3 |     1 ||     5
  Eat: Chunk             |       |     7 |    19 |    10 ||    36
Armor: Robe              |    19 |    45 |   107 |    89 ||   260
       Skin              |       |       |       |     5 ||     5
Dodge: Dodged            |    28 |   102 |   258 |   287 ||   675
